 Dungeon Crawl Stone Soup version 0.18.1-6-gd335043 (webtiles) character file.

205 M4edhros the Poker (level 6, -1/47 HPs)
             Began as a Formicid Fighter on May 20, 2016.
             Slain by an orc
             ... wielding a +0 flail
              (6 damage)
             ... on level 7 of the Dungeon.
             The game lasted 00:01:54 (1687 turns).

M4edhros the Poker (Formicid Fighter)               Turns: 1687, Time: 00:01:55

Health: -1/47      AC:  8    Str: 21    XL:     6   Next: 10%
Magic:  6/6        EV:  7    Int:  7    God:
Gold:   68         SH:  9    Dex: 12    Spells: 0 memorised, 5 levels left

rFire  . . .     SeeInvis +     j - +0 bardiche
rCold  . . .     Gourm    .     b - +0 scale mail
rNeg   . . .     Faith    .     c - +0 shield
rPois  .         Spirit   .     (helmet unavailable)
rElec  .         Dismiss  .     g - +0 cloak
rCorr  .         Reflect  .     (no gloves)
SustAt .         Harm     .     (no boots)
MR     .....                    (no amulet)
Stlth  ..........               (no ring)
                                (no ring)

@: not resistant to hostile enchantments, extremely unstealthy
A: permanent stasis, dig shafts and tunnels, four strong arms, antennae 3
a: Dig, Shaft Self


You were on level 7 of the Dungeon.
You were not hungry.

You visited 1 branch of the dungeon, and saw 5 of its levels.

You collected 68 gold pieces.

Inventory:

Hand Weapons
 a - a +0 trident
 j - a +0 bardiche (weapon)
Armour
 b - a +0 scale mail (worn)
 c - a +0 shield (worn)
 g - a +0 cloak (worn)
Scrolls
 i - a scroll of recharging
Comestibles
 f - a bread ration


   Skills:
 - Level 3.2 Fighting
 + Level 5.9 Polearms
 - Level 3.2 Armour
 - Level 3.6 Shields


You had 5 spell levels left.
You didn't know any spells.

Dungeon Overview and Level Annotations

Branches:
Dungeon (4/15)
 Temple: D:4-7

Altars:
Yredelemnul


Innate Abilities, Weirdness & Mutations

You are under a permanent stasis effect.
You can dig through walls and to a lower floor.
Your four strong arms can wield two-handed weapons with a shield.
You have a pair of large antennae on your head (SInv).


Message History

A crimson imp comes into view.
The crimson imp shouts!
There are monsters nearby!
Your shield and scale mail prevent you from hitting the orc.
The orc hits you with a short sword. You block the orc's attack.
You are too injured to fight recklessly!
The crimson imp blinks!
The orc closely misses you.
You aren't carrying any potions.
You completely miss the orc priest.
The orc priest calls down the wrath of Beogh upon you.
Beogh smites you! The orc hits you but does no damage.
The orc throws a stone.
You block the stone.
You barely miss the orc priest.
The orc priest calls down the wrath of Beogh upon you.
Beogh smites you!
* * * LOW HITPOINT WARNING * * *
The orc hits you with a short sword.
* * * LOW HITPOINT WARNING * * *
The orc hits you with a flail.
You die...

#############
##.....#.....#.
##..............
###..........(....
..................
...........ooo......
...........@o.......
............o.......
....................
...................#
....................
............#####.#.
............##....#
...
########..........
...
#########...###.##
....


You could see an orc priest and 4 orcs.

Vanquished Creatures
  A centaur (D:7)
  2 crimson imps
  2 adders
  2 dart slugs
  An orc (D:7)
  A ball python (D:4)
  2 bats (D:1)
  3 goblins
  A hobgoblin (D:2)
  12 jackals
  3 kobolds
  A quokka (D:2)
  A giant newt (D:2)
  2 quokka skeletons (D:4)
  A rat (D:1)
35 creatures vanquished.

Notes
Turn   | Place    | Note
--------------------------------------------------------------
     0 | D:1      | M4edhros the Formicid Fighter began the quest for the Orb.
     0 | D:1      | Reached XP level 1. HP: 18/18 MP: 1/1
   437 | D:1      | Reached XP level 2. HP: 24/24 MP: 2/2
   478 | D:1      | Reached skill level 3 in Polearms
   574 | D:2      | Reached XP level 3. HP: 29/29 MP: 3/3
   702 | D:2      | Found a basalt altar of Yredelemnul.
  1153 | D:4      | Reached skill level 4 in Polearms
  1153 | D:4      | Reached XP level 4. HP: 35/35 MP: 4/4
  1154 | D:4      | Noticed an ogre
  1156 | D:4      | Noticed a giant frog
  1171 | D:4      | You fall through a shaft for 3 floors!
  1449 | D:7      | Noticed a centaur
  1486 | D:7      | Killed a centaur
  1486 | D:7      | Reached skill level 5 in Polearms
  1486 | D:7      | Reached XP level 5. HP: 22/41 MP: 5/5
  1505 | D:7      | Reached XP level 6. HP: 24/47 MP: 6/6
  1687 | D:7      | Slain by an orc

Skill      XL: |  1  2  3  4 |
---------------+-------------+-----
Polearms       | 3 4 5 |  5.9
Fighting       | |  3.2
Armour         | |  3.2
Shields        | |  3.6

Action                   |  1- 3 |  4- 6 || total
-------------------------+-------+-------++-------
Melee: Trident           |   117 |       ||   117
       Bardiche          |    35 |    53 ||    88
 Abil: Shaft Self        |       |     1 ||     1
  Use: Scroll            |     2 |       ||     2
       Potion            |       |     2 ||     2
  Eat: Meat ration       |       |     1 ||     1
Armor: Scale mail        |    82 |    39 ||   121
Dodge: Dodged            |    50 |    33 ||    83
Block: Shield            |    85 |    37 ||   122
